 Dungeon Sprint DCSS version 0.30-a0-691-g754fce4c43 (webtiles) character file.

Game seed: 12913631115066717828

41056 rocky1 the Skullcrusher (level 26, -5/239 HPs)
             Began as a Minotaur Gladiator on Jan 19, 2023.
             Was an Initiate of Gozag.
             Slain by an Orb Guardian (49 damage)
             ... in the Dungeon (Sprint VI: "Thunderdome") on Jan 20, 2023.
             The game lasted 00:47:46 (4522 turns).

rocky1 the Skullcrusher (Minotaur Gladiator)        Turns: 4522, Time: 00:47:47

Health: -5/239     AC: 44    Str: 37      XL:     26   Next: 11%
Magic:  19/19      EV: 17    Int:  8 (9)  God:    Gozag
Gold:   5635       SH:  0    Dex: 12      Spells: 23/25 levels left

rFire   + + .      SeeInvis .    b - +9 great mace (heavy)
rCold   + . .      Faith    .    (shield currently unavailable)
rNeg    + . .      Spirit   .    Q - +12 gold dragon scales
rPois   +          Reflect  .    y - +1 hat of the Moon {Will++ Regen+ Int-5}
rElec   +          Harm     .    w - +0 cloak of the Loofah {Int+7 Slay+3 Stlth-}
rCorr   +          Rampage  +    G - +1 pair of gloves of Distant Worlds {Rampage Int+2}
Will    +++..      NoTele   +    R - +3 pair of boots of Cehew {Str+2} Stlth
                                 t - amulet of Xalaugh {Acrobat Fly}
HPRegen 0.59/turn                r - ring of Weotoon {rElec rF+ rCorr Str+6}
MPRegen 0.16/turn                v - ring "Ulitraof" {rN+ Slay+3}

@: mighty, gold aura, flying, hasted, very quick
A: horns 2, retaliatory headbutt, claws 1, clumsy 1, deformed body, frail 1, low
MP 1, MP-powered wands
}: 5/15 runes: decaying, barnacled, slimy, silver, mossy
a: Renounce Religion, Potion Petition, Call Merchant, Bribe Branch


You were in the Dungeon.
You worshipped Gozag.
Gozag was greatly pleased with you.
You visited 1 branch You collected 39077 gold pieces.
You spent 26863 gold pieces at shops.
You paid 6579 gold pieces to Gozag.

Inventory:

Hand Weapons
 a - a +3 longbow
 b - a +9 heavy great mace (weapon)
 c - a +0 battleaxe of electrocution
 p - a +0 triple crossbow
 q - a +0 executioner's axe
 s - the +5 scythe "Finisher" {speed, eviscerate}
   (You bought it in a shop in the Dungeon)
 x - a +9 dire flail of holy wrath
Missiles
 d - a throwing net (quivered)
 e - 8 javelins
Armour
 w - the +0 cloak of the Loofah (worn) {Int+7 Slay+3 Stlth-}
   (You bought it in a shop in the Dungeon)

   Int:       It affects your intelligence (+7).
   Slay:      It affects your accuracy & damage with ranged weapons and melee
   (+3).
   Stlth:     It makes you less stealthy.
 y - the +1 hat of the Moon (worn) {Will++ Regen+ Int-5}
   (You bought it in a shop in the Dungeon)

   Int:       It affects your intelligence (-5).
   Regen:     It increases your rate of health regeneration.
   Will:      It greatly increases your willpower.
 G - the +1 pair of gloves of Distant Worlds (worn) {Rampage Int+2}
   (You bought it in a shop in the Dungeon)

   Int:       It affects your intelligence (+2).
   Rampage:   It bestows one free step when moving towards enemies.
 Q - +12 gold dragon scales (worn)
 R - the +3 pair of boots of Cehew (worn) {Str+2}
   (You bought it in a shop in the Dungeon)

   Str:       It affects your strength (+2).
Jewellery
 r - the ring of Weotoon (left hand) {rElec rF+ rCorr Str+6}
   (You bought it in a shop in the Dungeon)

   [ring of strength]

   Str:       It affects your strength (+6).
   rF:        It protects you from fire.
   rElec:     It insulates you from electricity.
   rCorr:     It protects you from acid and corrosion.
 t - the amulet of Xalaugh (around neck) {Acrobat Fly}
   (You bought it in a shop in the Dungeon)

   [amulet of the acrobat]

   It increases your evasion while moving and waiting.
   Fly:       It grants you flight.
 v - the ring "Ulitraof" (right hand) {rN+ Slay+3}
   (You bought it in a shop in the Dungeon)

   [ring of positive energy]

   Slay:      It affects your accuracy & damage with ranged weapons and melee
   (+3).
   rN:        It protects you from negative energy.
 z - the amulet of Suumuphia {RegenMP Will++ rCorr Str+4}
   (You found it in the Dungeon)

   [amulet of magic regeneration]

   It increases your rate of magic regeneration.
   Str:       It affects your strength (+4).
   rCorr:     It protects you from acid and corrosion.
   Will:      It greatly increases your willpower.
Wands
 m - a wand of quicksilver (5)
 J - a wand of mindburst (5)
Scrolls
 k - 16 scrolls of blinking
 o - 6 scrolls of fog
 u - 3 scrolls of identify
 C - 4 scrolls of enchant armour
 K - 6 scrolls of silence
Potions
 f - 21 potions of curing
 g - 42 potions of heal wounds
 h - 33 potions of haste
 i - 2 potions of magic
 j - a potion of berserk rage
 l - 25 potions of resistance
 n - a potion of invisibility
 A - a potion of lignification
 D - 10 potions of might
 E - a potion of mutation
 F - 9 potions of attraction
Miscellaneous
 B - a condenser vane
 H - a lightning rod (4/4)
 I - a tin of tremorstones (2/2)
 L - a quad damage
 M - a quad damage
 N - a quad damage


   Skills:
 O Level 27 Fighting
 + Level 4.3(18.5) Axes
 O Level 27 Maces & Flails
 + Level 24.4 Ranged Weapons
 - Level 2.0 Throwing
 + Level 26.9 Armour
 + Level 25.1 Dodging
 + Level 21.6 Evocations


You had 23 spell levels left.
You knew the following spells:

 Your Spells              Type           Power      Damage    Failure   Level
a - Wereblood             Tmut           0%         N/A       95%         2

Your spell library contained the following spells:

 Spells                   Type           Power      Damage    Failure   Level
 Sublimation of Blood     Necr           0%         N/A       95%         2
 Summon Hydra             Summ           0%         N/A       100%        7


Dungeon Overview and Level Annotations

Branches:
Dungeon (1/1)

Altars:
Cheibriados
Dithmenos
Fedhas
Gozag
Kikubaaqudgha
Makhleb
Okawaru
Qazlal
Ru
Sif Muna
Trog
Uskayaw
Vehumet
Wu Jian
Xom
Yredelemnul
Zin
The Shining One
Lugonu

Shops:
D [?*([?(?*?*(:[((!!


Innate Abilities, Weirdness & Mutations

You have a pair of horns on your head.
You reflexively headbutt those who attack you in melee.
You have sharp fingernails.
You are clumsy. (Dex -2)
Armour fits poorly on your strangely shaped body.
You are frail. (-10% HP)
Your magical capacity is low. (-10% MP)
You expend magic power (3 MP) to strengthen your wands.


Message History

The Orb Guardian hits you!! Something touches you! The Orb Guardian misses you.
You feel your intelligence returning.
You feel your dexterity returning.
Your base Axes skill gained 3 levels and is now at level 3!
Your Dodging skill increases to level 25!
You hammer the Orb Guardian like a gong!!!
You kill the Orb Guardian!
The moth of wrath closely misses you. You furiously retaliate!
You headbutt the moth of wrath! The Orb Guardian hits you.
You feel your intelligence returning.
Your base Axes skill increases to level 4!
The Orb Guardian attacks as you move away!
The Orb Guardian hits you but does no damage.
The Orb Guardian is no longer distracted by gold.
The Orb Guardian is distracted by your dazzling golden aura.
Something touches you but does no damage.
The electric golem blinks!
The ancient lich is distracted by your dazzling golden aura.
The Orb Guardian closely misses you. You furiously retaliate!
You headbutt the Orb Guardian!
The ancient lich shouts!
You see here 252 gold pieces.
You bludgeon the Orb Guardian!! Your headbutt misses the Orb Guardian.
The Orb Guardian is moderately wounded.
The ancient lich is no longer distracted by gold.
The Orb Guardian is no longer distracted by gold.
The Orb Guardian hits you but does no damage.
The Orb Guardian hits you!!!
* * * LOW HITPOINT WARNING * * *
Something touches you but does no damage.
The ancient lich touches you but does no damage.
You crush the ancient lich like a grape!!!!
The ancient lich is almost destroyed.
The Orb Guardian misses you. x2; The electric golem blinks!
The moth of wrath misses you. You furiously retaliate!
You headbutt the moth of wrath!!
You crush the ancient lich like a grape!!!!
You destroy the ancient lich!
The Orb Guardian hits you!!!
You die...
Your body crumbles into a pile of gold.

##### ##⌠⌠⌠## #.....#
##..p..## ##∩..{@X∩##
#∩...$Xy.∩# #_....$.._#
#.....$.._# #_..)§..§_#
###........)###
#⌠..[..(....[⌠#
######.8.([).=..98.######
##..__..∩.[[###).....___∩##


You could see a Killer Klown, an electric golem, 2 Orb Guardians and a moth of
wrath.

Vanquished Creatures
  2 ancient liches (D)
  7 acid blobs (D)
  2 orbs of fire (D)
  Agnes (D)
  Frederick (D)
  3 Killer Klowns (D)
  Margery (D)
  Nikola (D)
  3 iron giants (D)
  A Hell Sentinel (D)
  7 Orb Guardians (D)
  7 quicksilver dragons (D)
  An eldritch tentacle (D)
  Gastronok (D)
  4 sphinxes (D)
  5 azure jellies (D)
  2 merfolk avatars (D)
  3 iron dragons (D)
  A vault warden (D)
  A quicksilver elemental (D)
  2 ghouls (D)
  2 stone giants (D)
  An ophan (D)
  2 dire elephants (D)
  A purple draconian (D)
  3 merfolk javelineers (D)
  A merfolk impaler (D)
  A shambling mangrove (D)
  A wizard (D)
  8 great orbs of eyes (D)
  A spriggan air mage (D)
  A catoblepas (D)
  3 hydras (D)
  2 centaur warriors (D)
  2 dancing weapons (D)
  4 boulder beetles (D)
  3 merfolk aquamancers (D)
  A tengu warrior (D)
  26 hell knights (D)
  2 deep elf knights (D)
  A sea snake (D)
  3 iron trolls (D)
  12 orb spiders (D)
  3 bog bodies (D)
  2 swamp dragons (D)
  A harpy (shapeshifter) (D)
  2 deep elf pyromancers (D)
  2 deep elf zephyrmancers (D)
  4 shining eyes (D)
  A moth of wrath (D)
  4 cyclopes (D)
  2 manticores (D)
  A black mamba (D)
  A water nymph (D)
  2 rust devils (D)
  2 eyes of devastation (D)
  A komodo dragon (D)
  3 cane toads (D)
  2 rime drakes (D)
  An efreet (D)
  A freezing wraith (D)
  3 guardian mummies (D)
  2 wind drakes (D)
  5 hornets (D)
  A blink frog (D)
  2 slime creatures (D)
  A yak (D)
  A water elemental (D)
  A fire elemental (D)
  4 golden eyes (D)
  6 neqoxecs (D)
  5 vampire mosquitoes (D)
  An acid dragon (D)
  A water moccasin (D)
  2 floating eyes (D)
  3 swamp drakes (D)
  8 dwarves (D)
  An ogre (D)
  3 necrophages (D)
  3 scorpions (D)
  4 bullfrogs (D)
  4 earth elementals (D)
  6 orc priests (D)
  7 mummies (D)
  2 adders (D)
  A worm (D)
  2 giant cockroaches (D)
  A bat (D)
  A rat (D)
253 creatures vanquished.

Notes
Turn   | Place    | Note
-------+----------+-------------------------------------------
     0 | D        | rocky1 the Minotaur Gladiator began the quest for the Orb.
     0 | D        | Reached XP level 1. HP: 18/18 MP: 0/0
     4 | D        | Found a shadowy altar of Dithmenos.
     4 | D        | Found a basalt altar of Yredelemnul.
     5 | D        | Found a burning altar of Makhleb.
     5 | D        | Round 1.
     7 | D        | Found Vylegeso's Identification Station.
     7 | D        | Found a blossoming altar of Fedhas.
     7 | D        | Found a glowing golden altar of the Shining One.
     8 | D        | Found Jyihe's Advanced Armour.
     8 | D        | Found Redghuc's Jewellery.
    10 | D        | Found an iron altar of Okawaru.
    12 | D        | Found a corrupted altar of Lugonu.
    13 | D        | Found an ornate altar of the Wu Jian Council.
    13 | D        | Found a shimmering altar of Xom.
    13 | D        | Found a hide-covered altar of Uskayaw.
    13 | D        | Found Tuah's Magic Scroll Shop.
    13 | D        | Found Beitud's Staff Store.
    14 | D        | Found Etesoegi's Magic Scroll Shop.
    14 | D        | Found Gatouph's Must-Have Magic.
    17 | D        | Found an opulent altar of Gozag.
    18 | D        | Found a radiant altar of Vehumet.
    20 | D        | Found a sacrificial altar of Ru.
    21 | D        | Found Utuasosch's Distillery.
    21 | D        | Found a stormy altar of Qazlal.
    21 | D        | Found a shimmering blue altar of Sif Muna.
    21 | D        | Found Metralirr's Do-It-Yourself Clinic.
    22 | D        | Found Nisiel's Distillery.
    22 | D        | Found Lagiud's Bottled Wisdom.
    27 | D        | Became a worshipper of Gozag Ym Sagoz the Greedy
    38 | D        | Found a snail-covered altar of Cheibriados.
    45 | D        | Found a bloodstained altar of Trog.
    46 | D        | Found an ancient bone altar of Kikubaaqudgha.
    49 | D        | Found Pupeu's Weapon Rack.
    50 | D        | Found Ofilyov's Basic Armour.
    50 | D        | Found Tighuex's Miscellaneous Merchandise.
    57 | D        | Found Ylliul's Premium Goods.
    57 | D        | Found a glowing silver altar of Zin.
    59 | D        | Bought a +0 plate armour for 276 gold pieces
    92 | D        | Reached XP level 2. HP: 15/26 MP: 1/1
    92 | D        | Noticed an ogre
   100 | D        | Killed an ogre
   101 | D        | Reached skill level 5 in Fighting
   101 | D        | Reached skill level 5 in Dodging
   101 | D        | Reached XP level 3. HP: 24/36 MP: 2/2
   101 | D        | Reached XP level 4. HP: 28/42 MP: 3/3
   101 | D        | Arena points: 12 (+12) [x2]
   127 | D        | Bought a glittering iron amulet for 45 gold pieces
   127 | D        | Identified the amulet "Tefepamn" {RegenMP Harm Will++
                  | Str+2} (You bought it in a shop in the Dungeon)
   127 | D        | Bought a fine jade ring for 45 gold pieces
   127 | D        | Identified the ring of Weotoon {rElec rF+ rCorr Str+6} (You
                  | bought it in a shop in the Dungeon)
   127 | D        | Bought a smoking steel ring for 45 gold pieces
   127 | D        | Identified the ring "Qitwosh" {Will+ Str+3 Slay+4 Stlth+}
                  | (You bought it in a shop in the Dungeon)
   129 | D        | Bought a twitching steel amulet for 45 gold pieces
   129 | D        | Identified the amulet of Xalaugh {Acrobat Fly} (You bought
                  | it in a shop in the Dungeon)
   134 | D        | Bought a steaming bronze amulet for 45 gold pieces
   134 | D        | Identified the amulet "Tuonwel" {Reflect Drain Int+3 SH+5
                  | SInv} (You bought it in a shop in the Dungeon)
   161 | D        | Round 2.
   198 | D        | Noticed a scorpion
   206 | D        | Killed a scorpion
   207 | D        | Reached skill level 5 in Armour
   207 | D        | Reached XP level 5. HP: 50/50 MP: 4/4
   253 | D        | Reached skill level 10 in Maces & Flails
   253 | D        | Reached XP level 6. HP: 60/60 MP: 5/5
   276 | D        | Arena points: 54 (+42) [x3]
   304 | D        | Round 3.
   327 | D        | Bought a +0 longbow for 195 gold pieces
   327 | D        | Bought a +0 great mace for 195 gold pieces
   379 | D        | Reached skill level 1 in Ranged Weapons
   460 | D        | Noticed a cane toad
   472 | D        | Killed a cane toad
   473 | D        | Reached XP level 7. HP: 40/70 MP: 6/6
   484 | D        | Noticed a bog body
   488 | D        | Arena points: 72 (+18) [x1]
   498 | D        | Round 4.
   614 | D        | Arena points: 128 (+56) [x2]
   684 | D        | Round 5.
   686 | D        | Noticed a witch
   701 | D        | Killed a witch
   701 | D        | Arena points: 288 (+160) [x4]
   702 | D        | Reached skill level 10 in Fighting
   702 | D        | Reached XP level 8. HP: 77/79 MP: 7/7
   705 | D        | Got a decaying rune of Zot
   710 | D        | Reached skill level 15 in Maces & Flails
   710 | D        | Reached XP level 9. HP: 85/85 MP: 8/8
   726 | D        | Bought a blackened cloak for 332 gold pieces
   726 | D        | Identified the +0 cloak of the Loofah {Int+7 Slay+3 Stlth-}
                  | (You bought it in a shop in the Dungeon)
   726 | D        | Bought a scorched hat for 315 gold pieces
   726 | D        | Identified the +1 hat of the Moon {Will++ Regen+ Int-5}
                  | (You bought it in a shop in the Dungeon)
   751 | D        | Bought a fine glass ring for 45 gold pieces
   751 | D        | Identified the ring of Kynupun {rElec rPois AC+4 Str-2
                  | Int+2} (You bought it in a shop in the Dungeon)
   751 | D        | Bought a scintillating ivory ring for 45 gold pieces
   751 | D        | Identified the ring "Puca" {Fire rN++ Slay-5} (You bought
                  | it in a shop in the Dungeon)
   751 | D        | Bought a scorched granite ring for 45 gold pieces
   751 | D        | Identified the ring "Wadituwk" {rC+ rCorr SInv} (You bought
                  | it in a shop in the Dungeon)
   903 | D        | Round 6.
   950 | D        | Reached skill level 10 in Armour
   981 | D        | Reached skill level 10 in Dodging
  1039 | D        | Arena points: 558 (+270) [x5]
  1071 | D        | Bought a scroll of acquirement for 520 gold pieces
  1075 | D        | Acquired 1145 gold pieces
  1079 | D        | Bought 8 scrolls of enchant weapon for 600 gold pieces
  1104 | D        | Round 7.
  1107 | D        | Bought a potion of curing for 21 gold pieces
  1107 | D        | Bought 6 potions of might for 168 gold pieces
  1107 | D        | Bought 3 potions of haste for 210 gold pieces
  1107 | D        | Bought 6 potions of resistance for 420 gold pieces
  1121 | D        | Gained mutation: You occasionally lose the ability to read
                  | scrolls when taking damage. [a neqoxec]
  1126 | D        | Gained mutation: You are frail. (-10% HP) [a neqoxec]
  1127 | D        | Reached XP level 10. HP: 85/85 MP: 9/9
  1142 | D        | Gained mutation: You are partially covered in large bone
                  | plates. (SH +4) [a neqoxec]
  1167 | D        | Arena points: 852 (+294) [x6]
  1182 | D        | Round 8.
  1183 | D        | Noticed a swamp dragon
  1184 | D        | Noticed a swamp dragon
  1201 | D        | Killed a swamp dragon
  1219 | D        | Killed a swamp dragon
  1226 | D        | Arena points: 1412 (+560) [x7]
  1251 | D        | Bought 4 potions of curing for 84 gold pieces
  1251 | D        | Bought 3 potions of heal wounds for 105 gold pieces
  1253 | D        | Bought 3 potions of experience for 900 gold pieces
  1253 | D        | Bought 2 potions of experience for 600 gold pieces
  1259 | D        | Bought 3 potions of mutation for 168 gold pieces
  1259 | D        | Bought 2 potions of mutation for 112 gold pieces
  1259 | D        | Bought a potion of mutation for 56 gold pieces
  1260 | D        | Bought 3 potions of mutation for 168 gold pieces
  1260 | D        | Bought 2 potions of mutation for 112 gold pieces
  1260 | D        | Bought a potion of mutation for 56 gold pieces
  1260 | D        | Bought 6 potions of attraction for 126 gold pieces
  1260 | D        | Lost mutation: You occasionally lose the ability to read
                  | scrolls when taking damage. [potion of mutation]
  1260 | D        | Lost mutation: You are partially covered in large bone
                  | plates. (SH +4) [potion of mutation]
  1260 | D        | Gained mutation: Armour fits poorly on your strangely
                  | shaped body. [potion of mutation]
  1260 | D        | Gained mutation: You are clumsy. (Dex -2) [potion of
                  | mutation]
  1260 | D        | Lost mutation: You are clumsy. (Dex -2) [potion of
                  | mutation]
  1260 | D        | Gained mutation: You are strong-willed. (Will+) [potion of
                  | mutation]
  1261 | D        | Lost mutation: Armour fits poorly on your strangely shaped
                  | body. [potion of mutation]
  1261 | D        | Lost mutation: You are strong-willed. (Will+) [potion of
                  | mutation]
  1261 | D        | Gained mutation: You are covered in fur. (AC +1) [potion of
                  | mutation]
  1261 | D        | Gained mutation: You have a somewhat thin skeletal
                  | structure. (Dex +2, Stealth+) [potion of mutation]
  1262 | D        | Lost mutation: You are frail. (-10% HP) [potion of
                  | mutation]
  1262 | D        | Lost mutation: You are covered in fur. (AC +1) [potion of
                  | mutation]
  1262 | D        | Lost mutation: You have a somewhat thin skeletal structure.
                  | (Dex +2, Stealth+) [potion of mutation]
  1262 | D        | Gained mutation: You have hidden genetic defects. [potion
                  | of mutation]
  1262 | D        | Gained mutation: You have large cloven feet. [potion of
                  | mutation]
  1263 | D        | Lost mutation: You have large cloven feet. [potion of
                  | mutation]
  1263 | D        | Lost mutation: You have hidden genetic defects. [potion of
                  | mutation]
  1263 | D        | Gained mutation: Armour fits poorly on your strangely
                  | shaped body. [potion of mutation]
  1264 | D        | Lost mutation: Armour fits poorly on your strangely shaped
                  | body. [potion of mutation]
  1264 | D        | Gained mutation: Your muscles are strong. (Str +4, Int/Dex
                  | -1) [potion of mutation]
  1264 | D        | Gained mutation: You expend magic power (3 MP) to
                  | strengthen your wands. [potion of mutation]
  1265 | D        | Reached skill level 10 in Ranged Weapons
  1265 | D        | Reached skill level 5 in Evocations
  1265 | D        | Reached XP level 11. HP: 98/105 MP: 10/10
  1266 | D        | Reached XP level 12. HP: 107/113 MP: 11/11
  1266 | D        | Round 9.
  1267 | D        | Reached XP level 13. HP: 114/119 MP: 12/12
  1268 | D        | Reached XP level 14. HP: 123/127 MP: 13/13
  1269 | D        | Reached XP level 15. HP: 131/134 MP: 14/14
  1424 | D        | Arena points: 2060 (+648) [x8]
  1463 | D        | Bought 4 scrolls of enchant armour for 300 gold pieces
  1463 | D        | Bought a scroll of brand weapon for 95 gold pieces
  1464 | D        | Bought a scroll of brand weapon for 95 gold pieces
  1469 | D        | Round 10.
  1519 | D        | HP: 4/136 [eldritch tentacle[a dimme] (15)]
  1536 | D        | Arena points: 2960 (+900) [x10]
  1542 | D        | Got a barnacled rune of Zot
  1543 | D        | Reached XP level 16. HP: 57/146 MP: 15/15
  1559 | D        | Bought a tin of tremorstones (2/2) for 600 gold pieces
  1584 | D        | Bought a pair of jewelled boots for 332 gold pieces
  1584 | D        | Identified the +1 pair of boots of the Monkey {Rampage
                  | *Slow rElec Dex-4} (You bought it in a shop in the Dungeon)
  1722 | D        | Round 11.
  1842 | D        | Arena points: 4049 (+1089) [x11]
  1867 | D        | Bought 8 scrolls of enchant weapon for 600 gold pieces
  1898 | D        | Bought a pair of smoking gloves for 332 gold pieces
  1898 | D        | Identified the +1 pair of gloves of Distant Worlds {Rampage
                  | Int+2} (You bought it in a shop in the Dungeon)
  1914 | D        | Round 12.
  1969 | D        | Reached skill level 15 in Armour
  1971 | D        | Noticed Gastronok
  1978 | D        | Killed Gastronok
  1979 | D        | Reached skill level 15 in Fighting
  1982 | D        | Arena points: 5777 (+1728) [x12]
  2017 | D        | Bought 4 potions of curing for 84 gold pieces
  2017 | D        | Bought 3 potions of heal wounds for 105 gold pieces
  2019 | D        | Bought 3 potions of experience for 900 gold pieces
  2019 | D        | Bought a potion of experience for 300 gold pieces
  2019 | D        | Bought a potion of experience for 300 gold pieces
  2021 | D        | Reached XP level 17. HP: 156/156 MP: 16/16
  2022 | D        | Reached XP level 18. HP: 163/163 MP: 17/17
  2023 | D        | Reached XP level 19. HP: 170/170 MP: 18/18
  2024 | D        | Reached XP level 20. HP: 178/178 MP: 19/19
  2025 | D        | Reached XP level 21. HP: 184/184 MP: 20/20
  2052 | D        | Round 13.
  2062 | D        | Reached XP level 22. HP: 166/192 MP: 21/21
  2101 | D        | Reached skill level 27 in Maces & Flails
  2109 | D        | Arena points: 7467 (+1690) [x13]
  2124 | D        | Round 14.
  2197 | D        | Bought a wavering lead ring for 45 gold pieces
  2197 | D        | Identified the ring "Ulitraof" {rN+ Slay+3} (You bought it
                  | in a shop in the Dungeon)
  2197 | D        | Bought a transparent marble ring for 45 gold pieces
  2197 | D        | Identified the ring of Temptation {rPois rCorr Dex+6} (You
                  | bought it in a shop in the Dungeon)
  2197 | D        | Bought a slimy bronze ring for 45 gold pieces
  2197 | D        | Identified the ring of Ru's Displeasure {rC+ Str-3 Dex+8
                  | Slay+2} (You bought it in a shop in the Dungeon)
  2197 | D        | Bought a translucent tin ring for 45 gold pieces
  2197 | D        | Identified the ring "Juisaul" {*Slow rElec rF- SInv Stlth+}
                  | (You bought it in a shop in the Dungeon)
  2197 | D        | Bought a scintillating tin ring for 45 gold pieces
  2197 | D        | Identified the ring of Pyiddote {rF++ rCorr Str+6} (You
                  | bought it in a shop in the Dungeon)
  2197 | D        | Bought a warped bone ring for 45 gold pieces
  2197 | D        | Identified the ring "Onyshis" {rC- Will+ rCorr Dex+6} (You
                  | bought it in a shop in the Dungeon)
  2197 | D        | Bought a glittering granite ring for 45 gold pieces
  2197 | D        | Identified the ring of Wuboj {+Blink rPois Will+} (You
                  | bought it in a shop in the Dungeon)
  2197 | D        | Bought a brightly glowing iron ring for 45 gold pieces
  2197 | D        | Identified the ring "Miosuwaz" {rElec rPois Will- Str+6}
                  | (You bought it in a shop in the Dungeon)
  2197 | D        | Bought a translucent lapis lazuli ring for 45 gold pieces
  2197 | D        | Identified the ring of Kibiuw {Contam Fly Slay+4 SInv} (You
                  | bought it in a shop in the Dungeon)
  2203 | D        | Bought a smoking cloak for 332 gold pieces
  2203 | D        | Identified the +0 cloak "Nozatz" {Contam rPois rC+ rCorr}
                  | (You bought it in a shop in the Dungeon)
  2203 | D        | Bought a pair of masterwork boots for 332 gold pieces
  2203 | D        | Identified the +3 pair of boots of Cehew {Str+2} (You
                  | bought it in a shop in the Dungeon)
  2203 | D        | Bought a pair of fading gloves for 332 gold pieces
  2203 | D        | Identified the +0 pair of gloves of Bypydwef {rN+ Will+
                  | Int-5} (You bought it in a shop in the Dungeon)
  2246 | D        | Arena points: 10211 (+2744) [x14]
  2288 | D        | Bought +0 gold dragon scales for 960 gold pieces
  2311 | D        | Round 15.
  2346 | D        | Noticed Agnes
  2362 | D        | Killed Agnes
  2362 | D        | Arena points: 12851 (+2640) [x16]
  2366 | D        | Got a mossy rune of Zot
  2367 | D        | Reached XP level 23. HP: 115/223 MP: 22/22
  2388 | D        | Bought 4 scrolls of enchant armour for 300 gold pieces
  2388 | D        | Bought 3 scrolls of fog for 120 gold pieces
  2388 | D        | Bought 5 scrolls of blinking for 375 gold pieces
  2390 | D        | Bought 4 scrolls of enchant armour for 300 gold pieces
  2390 | D        | Bought 4 scrolls of enchant armour for 300 gold pieces
  2390 | D        | Bought 3 scrolls of silence for 285 gold pieces
  2426 | D        | Bought 4 potions of curing for 84 gold pieces
  2426 | D        | Bought 4 potions of curing for 84 gold pieces
  2426 | D        | Bought 4 potions of curing for 84 gold pieces
  2426 | D        | Bought 3 potions of heal wounds for 105 gold pieces
  2426 | D        | Bought 3 potions of heal wounds for 105 gold pieces
  2426 | D        | Bought 3 potions of heal wounds for 105 gold pieces
  2426 | D        | Bought 3 potions of heal wounds for 105 gold pieces
  2426 | D        | Bought 3 potions of heal wounds for 105 gold pieces
  2426 | D        | Bought 3 potions of heal wounds for 105 gold pieces
  2426 | D        | Bought 3 potions of heal wounds for 105 gold pieces
  2426 | D        | Bought 3 potions of heal wounds for 105 gold pieces
  2426 | D        | Bought 3 potions of heal wounds for 105 gold pieces
  2426 | D        | Bought 3 potions of heal wounds for 105 gold pieces
  2575 | D        | Round 16.
  2575 | D        | Noticed Frederick
  2580 | D        | Killed Frederick
  2593 | D        | Noticed Nikola
  2603 | D        | Killed Nikola
  2620 | D        | Arena points: 16659 (+3808) [x17]
  2651 | D        | Round 17.
  2674 | D        | Reached skill level 27 in Fighting
  2696 | D        | Arena points: 20637 (+3978) [x18]
  2697 | D        | Reached skill level 15 in Dodging
  2737 | D        | Round 18.
  2805 | D        | Bought a glowing battleaxe for 389 gold pieces
  2853 | D        | Reached skill level 10 in Evocations
  2900 | D        | Arena points: 20907 (+270) [x1]
  2915 | D        | Round 19.
  2929 | D        | Bought a potion of invisibility for 56 gold pieces
  2929 | D        | Bought 6 potions of resistance for 420 gold pieces
  2929 | D        | Bought 6 potions of might for 168 gold pieces
  2929 | D        | Bought 6 potions of attraction for 126 gold pieces
  2929 | D        | Bought 3 potions of haste for 210 gold pieces
  2989 | D        | Reached skill level 15 in Ranged Weapons
  3028 | D        | Arena points: 21477 (+570) [x2]
  3055 | D        | Bought a +0 triple crossbow for 300 gold pieces
  3055 | D        | Bought a +0 executioner's axe for 300 gold pieces
  3059 | D        | Bought the +5 scythe "Finisher" {speed, eviscerate} for 836
                  | gold pieces
  3059 | D        | Found the +5 scythe "Finisher" {speed, eviscerate}
  3084 | D        | Round 20.
  3101 | D        | Identified the amulet of Suumuphia {RegenMP Will++ rCorr
                  | Str+4} (You found it in the Dungeon)
  3101 | D        | Arena points: 22517 (+1040) [x4]
  3105 | D        | Got a slimy rune of Zot
  3107 | D        | Reached XP level 24. HP: 197/249 MP: 22/22
  3185 | D        | Bought 6 potions of resistance for 420 gold pieces
  3185 | D        | Bought 5 potions of haste for 350 gold pieces
  3185 | D        | Bought 4 potions of haste for 280 gold pieces
  3187 | D        | Bought a potion of haste for 70 gold pieces
  3187 | D        | Bought 6 potions of resistance for 420 gold pieces
  3187 | D        | Bought 5 potions of haste for 350 gold pieces
  3187 | D        | Bought 4 potions of haste for 280 gold pieces
  3210 | D        | Bought 3 scrolls of silence for 285 gold pieces
  3210 | D        | Bought 4 scrolls of blinking for 300 gold pieces
  3210 | D        | Bought 3 scrolls of blinking for 225 gold pieces
  3310 | D        | Round 21.
  3410 | D        | Arena points: 24407 (+1890) [x5]
  3454 | D        | Round 22.
  3551 | D        | Reached skill level 15 in Evocations
  3600 | D        | Arena points: 26255 (+1848) [x6]
  3622 | D        | Bought a scroll labelled HASEFR XAOL for 35 gold pieces
  3622 | D        | Bought a glowing puce potion for 31 gold pieces
  3622 | D        | Bought a condenser vane for 1400 gold pieces
  3633 | D        | Bought 3 scrolls of identify for 150 gold pieces
  3644 | D        | Round 23.
  3766 | D        | Arena points: 28992 (+2737) [x7]
  3833 | D        | Round 24.
  3852 | D        | Noticed Margery
  3859 | D        | Killed Margery
  3912 | D        | Arena points: 31872 (+2880) [x8]
  3961 | D        | Bought a wand of mindburst (5) for 105 gold pieces
  3961 | D        | Bought a scroll of magic mapping for 112 gold pieces
  3964 | D        | Bought a book of Blood for 560 gold pieces
  3964 | D        | Bought 5 potions of haste for 1000 gold pieces
  3964 | D        | Bought 5 potions of heal wounds for 500 gold pieces
  3964 | D        | Bought 5 potions of heal wounds for 500 gold pieces
  3964 | D        | Bought a quad damage for 400 gold pieces
  3964 | D        | Bought a quad damage for 400 gold pieces
  3964 | D        | Bought a quad damage for 400 gold pieces
  3966 | D        | Round 25.
  3967 | D        | Learned a level 2 spell: Wereblood
  3993 | D        | Noticed Mara
  3995 | D        | Noticed rocky1's illusion
  4007 | D        | Arena points: 35622 (+3750) [x10]
  4010 | D        | Got a silver rune of Zot
  4011 | D        | Reached XP level 25. HP: 220/249 MP: 22/22
  4215 | D        | Round 26.
  4277 | D        | Gained mutation: You are dopey. (Int -2) [a shining eye]
  4323 | D        | Paralysed by a floating eye for 4 turns
  4325 | D        | Gained mutation: Potions are less effective at restoring
                  | your health. [a shining eye]
  4332 | D        | Paralysed by a floating eye for 4 turns
  4333 | D        | Gained mutation: Armour fits poorly on your strangely
                  | shaped body. [a shining eye]
  4337 | D        | Gained mutation: You are frail. (-10% HP) [a shining eye]
  4337 | D        | Gained mutation: You are very dopey. (Int -4) [a shining
                  | eye]
  4339 | D        | Paralysed by a floating eye for 3 turns
  4344 | D        | Paralysed by a floating eye for 2 turns
  4354 | D        | Arena points: 41056 (+5434) [x11]
  4377 | D        | Lost mutation: You are very dopey. (Int -4) [potion of
                  | mutation]
  4377 | D        | Lost mutation: You are frail. (-10% HP) [potion of
                  | mutation]
  4377 | D        | Gained mutation: You are robust. (+10% HP) [potion of
                  | mutation]
  4378 | D        | Lost mutation: You expend magic power (3 MP) to strengthen
                  | your wands. [potion of mutation]
  4378 | D        | Lost mutation: You are robust. (+10% HP) [potion of
                  | mutation]
  4378 | D        | Lost mutation: You are dopey. (Int -2) [potion of mutation]
  4378 | D        | Gained mutation: You are clumsy. (Dex -2) [potion of
                  | mutation]
  4378 | D        | Gained mutation: Your natural rate of healing is unusually
                  | fast. [potion of mutation]
  4378 | D        | Gained mutation: You expend magic power (3 MP) to
                  | strengthen your wands. [potion of mutation]
  4379 | D        | Lost mutation: Your muscles are strong. (Str +4, Int/Dex
                  | -1) [potion of mutation]
  4379 | D        | Lost mutation: You are clumsy. (Dex -2) [potion of
                  | mutation]
  4379 | D        | Gained mutation: You are covered in fur. (AC +1) [potion of
                  | mutation]
  4379 | D        | Gained mutation: You have sharp fingernails. [potion of
                  | mutation]
  4380 | D        | Lost mutation: You are covered in fur. (AC +1) [potion of
                  | mutation]
  4380 | D        | Lost mutation: Your natural rate of healing is unusually
                  | fast. [potion of mutation]
  4380 | D        | Gained mutation: You are vulnerable to heat. (rF-) [potion
                  | of mutation]
  4380 | D        | Gained mutation: You have an increased reservoir of magic.
                  | (+10% MP) [potion of mutation]
  4381 | D        | Lost mutation: You are vulnerable to heat. (rF-) [potion of
                  | mutation]
  4381 | D        | Lost mutation: Potions are less effective at restoring your
                  | health. [potion of mutation]
  4381 | D        | Gained mutation: You have a considerably increased
                  | reservoir of magic. (+20% MP) [potion of mutation]
  4381 | D        | Gained mutation: Your flesh is heat resistant. (rF+)
                  | [potion of mutation]
  4381 | D        | Gained mutation: You are clumsy. (Dex -2) [potion of
                  | mutation]
  4381 | D        | Gained mutation: You have a pair of large horns on your
                  | head. [potion of mutation]
  4382 | D        | Lost mutation: You have a pair of large horns on your head.
                  | [potion of mutation]
  4382 | D        | Lost mutation: You have a considerably increased reservoir
                  | of magic. (+20% MP) [potion of mutation]
  4382 | D        | Lost mutation: Your flesh is heat resistant. (rF+) [potion
                  | of mutation]
  4382 | D        | Lost mutation: You have an increased reservoir of magic.
                  | (+10% MP) [potion of mutation]
  4402 | D        | Round 27.
  4402 | D        | Noticed a Killer Klown
  4407 | D        | Killed a Killer Klown
  4409 | D        | Noticed an orb of fire
  4420 | D        | Killed an orb of fire
  4435 | D        | Noticed a Killer Klown
  4442 | D        | Killed a Killer Klown
  4443 | D        | Reached XP level 26. HP: 143/266 MP: 22/22
  4457 | D        | Noticed an ancient lich
  4463 | D        | Killed an ancient lich
  4508 | D        | Noticed an ancient lich
  4509 | D        | Noticed an ancient lich
  4510 | D        | Noticed an orb of fire
  4515 | D        | Gained mutation: Your magical capacity is low. (-10% MP)
                  | [an orb of fire]
  4516 | D        | Gained mutation: You are frail. (-10% HP) [an orb of fire]
  4517 | D        | Killed an orb of fire
  4522 | D        | Killed an ancient lich
  4522 | D        | Slain by an Orb Guardian

Illustrated notes

Levels and vault maps discovered:
D:        arena_sprint

Skill      XL: |  1  2  3  4  5  6  7  8  9 10 11 12 13 14 15 16 17 18 19 20 21 22 23 24 25 26 |
---------------+-------------------------------------------------------------------------------+-----
Maces & Flails | 4 7 8 10 12 14 15 16 18 19 20 21 22 23 24 25 26 27 | 27.0
Fighting       | 3 5 6 7 9 10 11 12 14 15 22 27 | 27.0
Armour         | 2 4 5 6 8 9 10 12 13 14 15 18 24 25 26 | 26.9
Dodging        | 5 6 7 8 9 10 11 12 13 14 17 22 24 25 | 25.1
Ranged Weapons | 3 6 7 8 10 11 12 16 21 23 24 | 24.4
Evocations     | 2 5 6 7 9 12 17 20 21 | 21.6
Axes           | 4 |  4.3
Throwing       | |  2.0

Action                   |  1- 3 |  4- 6 |  7- 9 | 10-12 | 13-15 | 16-18 | 19-21 | 22-24 | 25-27 || total
-------------------------+-------+-------+-------+-------+-------+-------+-------+-------+-------++-------
Melee: Flail             |    15 |    25 |    29 |       |       |       |       |       |       ||    69
       Headbutt          |     1 |     4 |    12 |    10 |    15 |     2 |       |    85 |    18 ||   147
       Punch             |       |       |     1 |       |       |       |       |       |       ||     1
       Dire flail        |       |       |    25 |    50 |    56 |    18 |       |       |       ||   149
       Great mace        |       |       |       |       |       |    18 |     6 |   307 |    74 ||   405
 Fire: Longbow           |       |     1 |       |       |       |       |       |     6 |       ||     7
Throw: Throwing net      |       |     2 |       |       |       |       |       |       |       ||     2
Invok: Call Merchant     |       |       |       |       |       |       |       |     6 |       ||     6
Evoke: Wand              |     4 |     1 |       |       |       |       |       |       |       ||     5
       Tin of tremorston |       |       |       |       |       |       |       |     2 |       ||     2
  Use: Potion            |       |       |     1 |     8 |     6 |     3 |     2 |     8 |    13 ||    41
       Scroll            |       |       |     1 |     8 |     1 |     6 |       |    17 |       ||    33
 Stab: Held in net/web   |       |     1 |       |       |       |       |       |       |       ||     1
       Confused          |       |       |     2 |       |       |       |       |       |       ||     2
       Distracted        |       |       |       |       |       |       |       |     2 |       ||     2
Armor: Plate armour      |    13 |    10 |    14 |    16 |    18 |     8 |    11 |    24 |       ||   114
       Leather armour    |     4 |       |       |       |       |       |       |       |       ||     4
       Gold dragon scale |       |       |       |       |       |       |       |   151 |    40 ||   191
Dodge: Dodged            |     8 |    13 |    16 |    17 |     8 |    17 |     4 |   189 |    38 ||   310
Block: Other             |       |       |       |     3 |       |       |       |       |       ||     3

Table legend: (Time is in decaauts)
 A = Elapsed time spent in this place.
 B = Non-inter-level travel time spent in this place.
 C = Inter-level travel time spent in this place.
 D = Time resting spent in this place.
 E = Time spent auto-exploring this place.
 F = Levels seen in this place.
 G = Mean time per level.
                   A        B        C        D        E       F      G
               +--------+--------+--------+--------+--------+-----+--------+
         Total |   4459 |   4459 |      0 |    883 |    141 |   1 | 4459.0 |
       Dungeon |   4459 |   4459 |      0 |    883 |    141 |   1 | 4459.0 |
               +--------+--------+--------+--------+--------+-----+--------+

Top non-repeatable levels by time:
       D: 4459 daAuts
